 Dungeon Sprint DCSS version 0.19.1-1-g22dce08 (webtiles) character file.

112 pib the Fighter (level 4, -4/50 HPs)
             Began as a Hill Orc Fighter on Jan 7, 2017.
             Was an Initiate of Qazlal.
             Slain by a deep elf archer
             ... wielding the +8 glaive "Qigos" {chop, +Inv Int+4 Dex-3}
              (5 damage)
             ... in the Dungeon (Sprint V: "Ziggurat Sprint").
             The game lasted 00:04:10 (227 turns).

pib the Fighter (Hill Orc Fighter)                   Turns: 227, Time: 00:04:11

Health: -4/50      AC: 27    Str: 30    XL:     4   Next: 93%
Magic:  4/4        EV:  0    Int:  8    God:    Qazlal [......]
Gold:   0          SH: 29    Dex: 11    Spells: 0 memorised, 3 levels left

rFire  . . .     SeeInvis .     l - +7 Screaming Sword
rCold  . . .     Gourm    .     m - +15 Maxwell's patent armour {-Cast -Tele rElec MR+ rCorr}
rNeg   + . .     Faith    .     n - +18 shield of the Gong {rElec rN+ MR+ EV-5}
rPois  .         Spirit   .     (no helmet)
rElec  +         Reflect  .     (no cloak)
rCorr  +         Harm     .     (no gloves)
MR     ++...     NoTele   +     (no boots)
Stlth  .......... NoCast   +    (no amulet)
                                N - +6 ring of strength
                                O - +6 ring of strength

@: no status effects
A: no striking features
a: Renounce Religion


You were in the Dungeon.
You worshipped Qazlal.
Qazlal was noncommittal.
You were not hungry.

You visited 1 branch

Inventory:

Hand Weapons
 a - a +0 long sword
 l - the +7 Screaming Sword (weapon)
   (You found it in the Dungeon)
Armour
 b - a +0 scale mail
 c - a +0 shield
 m - the +15 Maxwell's patent armour (worn) {-Cast -Tele rElec MR+ rCorr}
   (You found it in the Dungeon)

   It insulates you from electricity.
   It affects your resistance to hostile enchantments.
   It prevents spellcasting.
   It prevents most forms of teleportation.
   It protects you from acid and corrosion.
 n - the +18 shield of the Gong (worn) {rElec rN+ MR+ EV-5}
   (You found it in the Dungeon)

   It affects your evasion (-5).
   It insulates you from electricity.
   It protects you from negative energy.
   It affects your resistance to hostile enchantments.
 o - a +5 crystal plate armour
 p - +5 gold dragon scales
 q - a +3 buckler
Jewellery
 J - a +6 ring of dexterity
 K - a +6 ring of dexterity
 L - a +6 ring of intelligence
 M - a +6 ring of intelligence
 N - a +6 ring of strength (right hand)
 O - a +6 ring of strength (left hand)
Wands
 F - a wand of disintegration (7/24)
 G - a wand of iceblast (5/15)
 H - a wand of lightning (5/15)
 I - a wand of acid (5/15)
Scrolls
 k - 4 scrolls of blinking
 t - 4 scrolls of amnesia
 u - 3 scrolls of recharging
 v - 7 scrolls of fog
 w - a scroll of holy word
 x - 5 scrolls of identify
 y - 5 scrolls of remove curse
 z - 2 scrolls of fear
Potions
 d - 6 potions of might
 e - 10 potions of curing
 g - 5 potions of heal wounds
 h - 6 potions of haste
 i - 7 potions of magic
 j - 3 potions of berserk rage
 A - 2 potions of brilliance
 B - 2 potions of invisibility
 C - 4 potions of resistance
 E - 5 potions of agility
Miscellaneous
 D - a sack of spiders
 P - a disc of storms
Comestibles
 f - 5 bread rations
 r - 42 fruits
 s - 4 meat rations


   Skills:
 - Level 9.6 Fighting
 + Level 5.2 Long Blades
 + Level 5.7 Armour
 + Level 5.7 Shields


You had 3 spell levels left.
You didn't know any spells.

Dungeon Overview and Level Annotations

Branches:
Dungeon (1/1)

Altars:
Ashenzari
Cheibriados
Dithmenos
Elyvilon
Fedhas
Gozag
Hepliaklqana
Kikubaaqudgha
Makhleb
Nemelex Xobeh
Okawaru
Qazlal
Ru
Sif Muna
Trog
Uskayaw
Vehumet
Xom
Yredelemnul
Zin
The Shining One
Beogh
Jiyva
Lugonu


Message History

You block the deep elf archer's attack.
GONNNNG!
You hear some strange, mumbled words.
A shard of ice appears from out of thin air!
You block the shard of ice.
PANG!
You block the water elemental's attack.
SHROANNG!
Something hits you but does no damage.
With effort, you pull free of the water engulfing you.
You gasp with relief as air once again reaches your lungs.
The Screaming Sword clamours, "Go for the jugular!"
Something, the deep elf archer and the water elemental are hurt by the noise.
Something hits you!
* * * LOW HITPOINT WARNING * * *
The deep elf archer hits you from afar with the +8 glaive "Qigos" {chop, +Inv Int+4 Dex-3}.
* * * LOW HITPOINT WARNING * * *
x2 Something hits you but does no damage.
You block the water elemental's attack.
PTOANNNG!
The deep elf archer hits you from afar with the +8 glaive "Qigos" {chop, +Inv Int+4 Dex-3}.
You die...

▓▓▓▓▓▓▓▓▓▓▓▓▓
▓.8©8.▓.8©8.▓
▓.:)|.▓.....▓
▓.....▓...[.▓
▓...e.▓.....▓
▓...{.▓.....▓
▓..@E.▓.....▓
▓.....▓▓▓▓▓▓▓
▓▓▓▓▓▓▓


You could see a deep elf archer and a water elemental.

Vanquished Creatures
  A porcupine (D)
  A river rat (D)
2 creatures vanquished.

Notes
Turn   | Place    | Note
-------+----------+-------------------------------------------
     0 | D        | pib the Hill Orc Fighter began the quest for the Orb.
     0 | D        | Reached XP level 1. HP: 19/19 MP: 1/1
     0 | D        | Found a deep blue altar of Sif Muna.
     0 | D        | Found a bloodstained altar of Trog.
     0 | D        | Found a sacrificial altar of Ru.
     0 | D        | Found a stormy altar of Qazlal.
     0 | D        | Found an iron altar of Okawaru.
     5 | D        | Found a sparkling altar of Nemelex Xobeh.
     6 | D        | Found a corrupted altar of Lugonu.
     6 | D        | Found a burning altar of Makhleb.
     6 | D        | Found an ancient bone altar of Kikubaaqudgha.
     6 | D        | Found a viscous altar of Jiyva.
    12 | D        | Became a worshipper of Qazlal Stormbringer
    17 | D        | Found a hazy altar of Hepliaklqana.
    20 | D        | Found an opulent altar of Gozag.
    21 | D        | Found a blossoming altar of Fedhas.
    69 | D        | Reached skill level 9 in Fighting
    69 | D        | Reached XP level 2. HP: 37/37 MP: 2/2
   183 | D        | Entered arena 1.
   183 | D        | Noticed a porcupine
   186 | D        | Killed a porcupine
   186 | D        | Reached skill level 5 in Long Blades
   186 | D        | Reached skill level 5 in Armour
   186 | D        | Reached skill level 5 in Shields
   186 | D        | Reached XP level 3. HP: 44/44 MP: 3/3
   186 | D        | Reached XP level 4. HP: 50/50 MP: 4/4
   204 | D        | Entered arena 2.
   204 | D        | Noticed a deep elf knight
   204 | D        | Noticed a deep elf archer
   204 | D        | Noticed a water elemental
   227 | D        | HP: 1/50 [deep elf archer/the +8 glaive "Qigos" {chop, +Inv Int+4 Dex-3} (2)]
   227 | D        | Identified the +8 glaive "Qigos" {chop, +Inv Int+4 Dex-3}
   227 | D        | Slain by a deep elf archer

Skill      XL: |  1  2 |
---------------+-------+-----
Fighting       | 9 |  9.6
Long Blades    | 5 |  5.2
Armour         | 5 |  5.7
Shields        | 5 |  5.7

Action                   |  1- 3 |  4- 6 || total
-------------------------+-------+-------++-------
Melee: Double sword      |     2 |    11 ||    13
  Use: Potion            |     1 |     5 ||     6
Armor: Plate armour      |     1 |    15 ||    16
Dodge: Dodged            |     2 |       ||     2
Block: Buckler           |     2 |     1 ||     3
       Shield            |       |    40 ||    40
       Rpst.: Double sword |     1 |       ||     1
